[Event "Titled Tuesday Blitz March 01 Early 2022"]
[White "Pischal, Yulia"]
[Black "Coto Mederos, Michel"]
[WhiteFideId "14102390"]
[BlackFideId "3508528"]
[WhiteElo "1931"]
[BlackElo "2427"]
[Result "1/2-1/2"]
[Round "01"]
[TimeControl "180+1"]
[Date "2022.03.01"]
[WhiteClock "0:00:15"]
[BlackClock "0:00:18"]

1. e4 e5 2. Nf3 Nc6 3. Nc3 Nf6 4. g3 Bc5 5. Bg2 d6 6. O-O a6 7. d3 O-O 8. Be3 Bb4 9. Nd5 Nxd5 10. exd5 Ne7 11. c3 Ba5 12. c4 Ng6 13. Rb1 Bb6 14. Bxb6 cxb6 15. Nd2 f5 16. f4 exf4 17. gxf4 Qh4 18. Qf3 Bd7 19. Nb3 Rae8 20. Nd4 Qf6 21. Qf2 Re7 22. Rbe1 Rfe8 23. Rxe7 Rxe7 24. Nb3 b5 25. Na5 bxc4 26. dxc4 Be8 27. b4 Qc3 28. c5 Qxb4 29. cxd6 Qxd6 30. Nc4 Qb4 31. d6 Rd7 32. Ne5 Rxd6 33. Qf3 Qd4+ 34. Kh1 Nxe5 35. fxe5 Qxe5 36. Qxb7 h6 37. Qc8 Kh7 38. h3 Bd7 39. Qf8 Rf6 40. Qb4 f4 41. Be4+ Bf5 42. Bxf5+ Qxf5 43. Kh2 f3 44. Rf2 Qe5+ 45. Kh1 Qg3 46. Qb1+ Rg6 47. Qf1 Rf6 48. a3 Qg6 49. Rxf3 Qe4 50. Kg2 Qxf3+ 51. Qxf3 Rxf3 52. Kxf3 Kg6 53. Kg4 Kf6 54. Kh5 Kf5 55. h4 Kf4 56. a4 Kf5 57. a5 Kf6 58. Kg4 g6 59. Kf4 h5 60. Ke4 Ke6 61. Kf4 Kf6 62. Ke4 g5 63. hxg5+ Kxg5 64. Kf3 Kf5 65. Kg3 Ke5 66. Kh4 Kd5 67. Kxh5 Kc5 68. Kg4 Kb5 69. Kf3 Kxa5 70. Ke2 Kb4 71. Kd2 Kb3 72. Kc1 Ka2 73. Kc2 a5 74. Kc1 a4 75. Kc2 a3 76. Kc1 Kb3 77. Kb1 a2+ 78. Ka1 Ka3 1/2-1/2


[Site "https://www.chess.com"]

[Event "Titled Tuesday Blitz March 01 Early 2022"]
[White "Ponkratov, Pavel"]
[Black "Aldokhin, Ivan"]
[WhiteFideId "4157800"]
[BlackFideId "24115720"]
[WhiteElo "2487"]
[BlackElo "2231"]
[Result "1-0"]
[Round "01"]
[TimeControl "180+1"]
[Date "2022.03.01"]
[WhiteClock "0:01:17"]
[BlackClock "0:00:11"]

1. c4 Nf6 2. Nc3 g6 3. d4 d6 4. e4 Bg7 5. f4 O-O 6. Nf3 Nc6 7. d5 Nb4 8. a3 Na6 9. Bd3 e6 10. O-O exd5 11. cxd5 Bg4 12. h3 Bxf3 13. Qxf3 Re8 14. Be3 Nd7 15. Rae1 Nac5 16. Bc2 a5 17. Bf2 a4 18. h4 Nb3 19. Qd1 Ndc5 20. h5 Qf6 21. hxg6 hxg6 22. e5 dxe5 23. fxe5 Qg5 24. Be3 Qh4 25. Rf4 Qg3 26. e6 fxe6 27. Rg4 Qd6 28. Rxg6 Qf8 29. Rf1 Qe7 30. Qh5 1-0


[Site "https://www.chess.com"]

[Event "Titled Tuesday Blitz March 01 Early 2022"]
[White "Poormosavi, Seyed Kian"]
[Black "Bashirli, Saadat"]
[WhiteFideId "12585807"]
[BlackFideId "13429990"]
[WhiteElo "2116"]
[BlackElo "1173"]
[Result "1-0"]
[Round "01"]
[TimeControl "180+1"]
[Date "2022.03.01"]
[WhiteClock "0:00:43"]
[BlackClock "0:00:41"]

1. Nf3 d5 2. g3 Nf6 3. Bg2 Bg4 4. O-O e6 5. c4 Nc6 6. cxd5 exd5 7. d4 Bd6 8. Nc3 O-O 9. Qb3 Bxf3 10. exf3 Nxd4 11. Qxb7 Qd7 12. Nxd5 Be5 13. f4 Nxd5 14. Qxd5 Qxd5 15. Bxd5 c6 16. Bxf7+ Rxf7 17. fxe5 Nf3+ 18. Kg2 Nxe5 19. Be3 Rb7 20. b3 Re8 21. Rac1 Re6 22. Rfd1 Kf7 23. Rd8 Ng4 24. Bc5 Rf6 25. Re1 Rb5 26. Rf8+ Kg6 27. Rxf6+ Nxf6 28. b4 a5 29. a4 Rb8 30. bxa5 Ra8 31. Bb6 Nd5 32. Re6+ Kf7 33. Rxc6 Nxb6 34. axb6 Rxa4 35. h4 Rb4 36. Rc7+ Kg6 37. b7 h6 38. f3 Rb2+ 39. Kh3 Rb1 40. g4 Rb3 41. Kg3 Kh7 42. h5 Rb4 43. Kh4 Rb1 44. Kg3 Rb2 45. Kf4 Rb4+ 46. Ke5 Rb5+ 47. Kd6 Rb6+ 48. Kd7 Rb1 49. Kc8 Re1 50. b8=Q Re8+ 51. Kb7 Rxb8+ 52. Kxb8 Kh8 53. Rc6 Kh7 54. Rg6 Kh8 55. Kc7 Kh7 56. Kd7 Kh8 57. Ke7 Kh7 58. Kf8 Kh8 59. Kf7 Kh7 60. Rxg7+ Kh8 61. Rg6 Kh7 62. Rf6 Kh8 63. Rxh6# 1-0


[Site "https://www.chess.com"]

[Event "Titled Tuesday Blitz March 01 Early 2022"]
[White "Prado Lobo, Jonas"]
[Black "Sadhwani, Raunak"]
[WhiteFideId "32050666"]
[BlackFideId "35093487"]
[WhiteElo "2199"]
[BlackElo "2616"]
[Result "0-1"]
[Round "01"]
[TimeControl "180+1"]
[Date "2022.03.01"]
[WhiteClock "0:00:12"]
[BlackClock "0:00:10"]

1. d4 Nf6 2. c4 g6 3. Nf3 Bg7 4. g3 O-O 5. Bg2 c5 6. O-O cxd4 7. Nxd4 Nc6 8. Nc3 Qa5 9. Nb3 Qh5 10. h3 d6 11. g4 Bxg4 12. hxg4 Nxg4 13. Bf4 Be5 14. Qd2 g5 15. Bxe5 Ncxe5 16. Rfe1 Qh2+ 17. Kf1 Qh4 18. Ne4 h6 19. Ng3 f5 20. Nd4 Nxf2 21. Ngxf5 Nfg4 22. e4 Rf6 23. Nf3 Nxf3 24. Bxf3 Qh3+ 25. Bg2 Qg3 26. Qd5+ Kh8 27. Re2 e6 28. Qxb7 Rg8 29. Qe7 exf5 30. exf5 Rxf5+ 31. Kg1 Qh2# 0-1


[Site "https://www.chess.com"]

[Event "Titled Tuesday Blitz March 01 Early 2022"]
[White "Prohorov, Olexandr"]
[Black "Kadam, Om Manish"]
[WhiteFideId "14105578"]
[BlackFideId "45076294"]
[WhiteElo "1993"]
[BlackElo "1729"]
[Result "0-1"]
[Round "01"]
[TimeControl "180+1"]
[Date "2022.03.01"]
[WhiteClock "0:00:16"]
[BlackClock "0:00:23"]

1. e4 c6 2. d4 d5 3. e5 c5 4. dxc5 e6 5. Nf3 Bxc5 6. Nbd2 Ne7 7. Nb3 Bb6 8. Bb5+ Nbc6 9. O-O O-O 10. Qe2 a6 11. Bd3 Nb4 12. Be3 Nxd3 13. cxd3 Bd7 14. Rfc1 Ba4 15. Nc5 Bc6 16. b4 Nf5 17. Nd4 Bxc5 18. bxc5 Nxd4 19. Bxd4 Qh4 20. Qe3 Rae8 21. f4 f5 22. Rab1 g5 23. Rf1 Re7 24. Rb6 Rg7 25. Rf3 Qg4 26. Rb1 h6 27. Rbf1 Qxg2+ 28. Kxg2 gxf4+ 29. Kf2 fxe3+ 30. Bxe3 Kh7 31. d4 Rfg8 32. Rh3 Rg6 33. Rg3 Rxg3 34. hxg3 Kg6 35. Rh1 h5 36. Bf4 a5 37. Rb1 Ra8 38. Rb6 a4 39. a3 Rh8 40. Rb1 h4 41. gxh4 Rxh4 42. Rg1+ Kf7 43. Ke3 Rh3+ 44. Rg3 Rh1 45. Bh6 Rxh6 0-1


[Site "https://www.chess.com"]

[Event "Titled Tuesday Blitz March 01 Early 2022"]
[White "Rengifo Blancas, Renzo Jhonathan"]
[Black "Matinian, Nikita"]
[WhiteFideId "3807185"]
[BlackFideId "24129100"]
[WhiteElo "2058"]
[BlackElo "2422"]
[Result "0-1"]
[Round "01"]
[TimeControl "180+1"]
[Date "2022.03.01"]
[WhiteClock "0:00:01"]
[BlackClock "0:01:12"]

1. d3 Nf6 2. Nf3 g6 3. g3 Bg7 4. Bg2 O-O 5. O-O d5 6. Nbd2 Nc6 7. e4 e5 8. c3 a5 9. a4 b6 10. Qc2 Ba6 11. Re1 dxe4 12. dxe4 Qd3 13. Qb3 Qd7 14. Nc4 Qe6 15. Bf1 Nd7 16. Ng5 Qe7 17. Nf3 Nc5 18. Qc2 f5 19. exf5 Rxf5 20. Nh4 Rf7 21. Be3 e4 22. Bxc5 Qxc5 23. Rxe4 Raf8 24. Ne3 Nb4 25. Qb3 Nd3 26. Bxd3 Bxd3 27. Rf4 Bh6 28. Rxf7 Rxf7 29. Nhg2 Kg7 30. Rd1 Be4 31. Rd4 Bf3 32. Qe6 Qe7 33. Qxe7 Rxe7 34. Ne1 Bc6 35. N1c2 Bg5 36. Kf1 Bf6 37. Rd2 Bxa4 38. Kg2 Bc6+ 39. Kg1 Rd7 0-1


[Site "https://www.chess.com"]

[Event "Titled Tuesday Blitz March 01 Early 2022"]
[White "Roberson, Peter T"]
[Black "Mohammadian, Mohammad"]
[WhiteFideId "412384"]
[BlackFideId "12566055"]
[WhiteElo "2346"]
[BlackElo "1543"]
[Result "1-0"]
[Round "01"]
[TimeControl "180+1"]
[Date "2022.03.01"]
[WhiteClock "0:00:36"]
[BlackClock "0:00:12"]

1. e4 e5 2. Nf3 Nc6 3. Bc4 Bc5 4. O-O Nf6 5. Re1 O-O 6. c3 d6 7. d4 Bb6 8. Bg5 h6 9. Bh4 Bg4 10. h3 Bxf3 11. Qxf3 exd4 12. Qg3 Ne5 13. Bb3 d3 14. Nd2 Kh8 15. Nf3 Nxf3+ 16. Qxf3 Qe7 17. Rad1 c6 18. Rxd3 Rad8 19. Qf5 Qe5 20. Qf3 g5 21. Bg3 Qe7 22. e5 dxe5 23. Bxe5 Rxd3 24. Bxf6+ Qxf6 25. Qxf6+ Kh7 26. Bc2 Kg8 27. Bxd3 Rd8 28. Qf5 Rxd3 29. Qxd3 Kg7 30. Qf5 a5 31. Re7 Bxf2+ 32. Kf1 1-0


[Site "https://www.chess.com"]

[Event "Titled Tuesday Blitz March 01 Early 2022"]
[White "Rozhkov, Viacheslav"]
[Black "Kamsky, Gata"]
[WhiteFideId "4181484"]
[BlackFideId "2000024"]
[WhiteElo "2324"]
[BlackElo "2645"]
[Result "1/2-1/2"]
[Round "01"]
[TimeControl "180+1"]
[Date "2022.03.01"]
[WhiteClock "0:00:13"]
[BlackClock "0:00:24"]

1. e4 c5 2. Nf3 e6 3. d4 cxd4 4. Nxd4 a6 5. Nc3 b5 6. g3 Bb7 7. Bg2 Nf6 8. O-O b4 9. Nd5 Nc6 10. Re1 Nxd4 11. Qxd4 Rc8 12. Bg5 Bxd5 13. exd5 Bc5 14. Qh4 O-O 15. Rad1 h6 16. Bxf6 Qxf6 17. Qxf6 gxf6 18. dxe6 dxe6 19. Rd7 a5 20. Red1 f5 21. h4 Kg7 22. Bf1 Kf6 23. b3 Be7 24. Bc4 Rfd8 25. Kg2 Rxd7 26. Rxd7 Rc5 27. Kf3 Re5 28. Ra7 Rc5 29. Ke2 1/2-1/2


[Site "https://www.chess.com"]

[Event "Titled Tuesday Blitz March 01 Early 2022"]
[White "Sahin, Handenur"]
[Black "Di Nicolantonio, Lucas"]
[WhiteFideId "6334865"]
[BlackFideId "680460"]
[WhiteElo "2173"]
[BlackElo "2381"]
[Result "0-1"]
[Round "01"]
[TimeControl "180+1"]
[Date "2022.03.01"]
[WhiteClock "0:00:04"]
[BlackClock "0:00:09"]

1. e4 e6 2. d4 d5 3. Nd2 c5 4. c3 cxd4 5. cxd4 dxe4 6. Nxe4 Nf6 7. Nxf6+ Qxf6 8. Nf3 Bb4+ 9. Bd2 Bxd2+ 10. Qxd2 O-O 11. Bd3 Nc6 12. O-O Rd8 13. Rad1 b6 14. Bxh7+ Kxh7 15. Qc2+ Qg6 16. Qxc6 Ba6 17. Ne5 Qf5 18. Rfe1 f6 19. Nf3 e5 20. d5 Rac8 21. Qa4 Bc4 22. d6 a5 23. b3 Be6 24. Qh4+ Kg8 25. h3 Rc6 26. Qa4 Rcxd6 27. Rxd6 Rxd6 28. Qe8+ Kh7 29. Nh4 Qg5 30. Nf3 Qf4 31. Qh5+ Kg8 32. Qe8+ Kh7 33. Qh5+ Qh6 34. Qe8 Bd5 35. Nh2 Qg6 36. Qxg6+ Kxg6 37. f3 Rc6 38. Re2 Rc1+ 39. Kf2 b5 40. Nf1 a4 41. bxa4 bxa4 42. Ne3 Bf7 43. a3 Ra1 44. Rd2 Rxa3 45. Rd7 Ra2+ 46. Kg3 a3 47. Ng4 Rb2 48. h4 a2 49. h5+ Kxh5 50. Rxf7 a1=Q 51. Rxg7 Qe1+ 52. Kh3 Qh4# 0-1


[Site "https://www.chess.com"]

[Event "Titled Tuesday Blitz March 01 Early 2022"]
[White "Samadov, Read"]
[Black "Vivas Zamora, Fabian Ernesto"]
[WhiteFideId "13417444"]
[BlackFideId "3902480"]
[WhiteElo "2084"]
[BlackElo "1966"]
[Result "1-0"]
[Round "01"]
[TimeControl "180+1"]
[Date "2022.03.01"]
[WhiteClock "0:00:12"]
[BlackClock "0:00:05"]

1. d4 Nf6 2. c4 g6 3. Nc3 d5 4. cxd5 Nxd5 5. e4 Nxc3 6. bxc3 Bg7 7. Bc4 c5 8. Ne2 Nc6 9. Be3 O-O 10. O-O b6 11. Rc1 Bb7 12. Qd2 Na5 13. Bd3 cxd4 14. cxd4 Qd7 15. h4 Rac8 16. h5 Rxc1 17. Rxc1 Rc8 18. h6 Bf8 19. e5 Rxc1+ 20. Qxc1 Qc6 21. Qxc6 Bxc6 22. Nc3 e6 23. Ne4 Be7 24. g4 Bd5 25. Nc3 Bc4 26. Bxc4 Nxc4 27. Bf4 a6 28. d5 exd5 29. Nxd5 Kf8 30. Kf1 Bd8 31. Ke2 b5 32. Kd3 Nb6 33. Nb4 Ke7 34. Bg5+ Kd7 35. Bxd8 Kxd8 36. Nxa6 Nd5 37. Kd4 Ne7 38. Kc5 Kd7 39. Nb4 Ke6 40. Nd3 Ng8 41. g5 Kf5 42. Kxb5 Kxg5 43. a4 Kxh6 44. a5 Ne7 45. a6 Nc8 46. Kc6 Na7+ 47. Kb6 Nc8+ 48. Kb7 1-0


[Site "https://www.chess.com"]

[Event "Titled Tuesday Blitz March 01 Early 2022"]
[White "Samant Aditya S"]
[Black "Pein, Jonathan"]
[WhiteFideId "35080580"]
[BlackFideId "417092"]
[WhiteElo "1916"]
[BlackElo "2140"]
[Result "1-0"]
[Round "01"]
[TimeControl "180+1"]
[Date "2022.03.01"]
[WhiteClock "0:00:15"]
[BlackClock "0:00:14"]

1. d4 d5 2. c4 e6 3. Nf3 Nf6 4. Nc3 c6 5. e3 Be7 6. Bd3 Nbd7 7. O-O O-O 8. e4 dxe4 9. Nxe4 Nxe4 10. Bxe4 Nf6 11. Bc2 c5 12. Bg5 h6 13. Bh4 Bd7 14. Qd3 Re8 15. Ne5 cxd4 16. Qxd4 Bc6 17. Nxc6 bxc6 18. Qxd8 Rexd8 19. Rad1 Kf8 20. Bg3 c5 21. f3 Nd7 22. Be4 Rac8 23. Bb7 Nb6 24. Bxc8 Rxc8 25. b3 Bf6 26. Rfe1 a5 27. Be5 Be7 28. Bd6 a4 29. Rd3 axb3 30. axb3 Ra8 31. Red1 g5 32. Bxe7+ Kxe7 33. Rd6 Rb8 34. Kf2 Nd5 35. Rc6 Nc3 36. Rc7+ Kf6 37. Rdd7 Rf8 38. Ke3 Ke5 39. Rxc5+ Kf6 40. Kd2 Nb1+ 41. Kc2 Na3+ 42. Kb2 Ra8 43. Rcc7 1-0


[Site "https://www.chess.com"]

[Event "Titled Tuesday Blitz March 01 Early 2022"]
[White "Samunenkov, Ihor"]
[Black "Niyazgulova, Marina"]
[WhiteFideId "14187086"]
[BlackFideId "24142573"]
[WhiteElo "2406"]
[BlackElo "2075"]
[Result "1-0"]
[Round "01"]
[TimeControl "180+1"]
[Date "2022.03.01"]
[WhiteClock "0:00:12"]
[BlackClock "0:00:31"]

1. e4 d5 2. exd5 Qxd5 3. Nc3 Qa5 4. d4 c6 5. Bc4 Nf6 6. Bd2 Bf5 7. Nd5 Qd8 8. Nxf6+ gxf6 9. Ne2 Nd7 10. Ng3 Bg6 11. c3 e6 12. Qe2 Bd6 13. h4 Bxg3 14. fxg3 h5 15. O-O Qe7 16. a4 a5 17. Bf4 Nb6 18. Bb3 Nd5 19. Bd2 Bf5 20. Bxd5 cxd5 21. Rxf5 exf5 22. Qb5+ Qd7 23. Re1+ Kd8 24. Qb6+ Kc8 25. Qxf6 Rg8 26. Re7 Qd8 27. Bf4 Rg6 28. Qxf7 Rb6 29. Rc7+ Kb8 30. Rxb7+ Kc8 31. Rc7+ Kb8 32. Rd7+ Kc8 33. Rxd8+ Kxd8 34. Qf8+ Kd7 35. Qxa8 Rxb2 36. Qxd5+ 1-0


[Site "https://www.chess.com"]

[Event "Titled Tuesday Blitz March 01 Early 2022"]
[White "Santos Flores, Alberto"]
[Black "Savchenko, Boris"]
[WhiteFideId "3601234"]
[BlackFideId "4147332"]
[WhiteElo "2293"]
[BlackElo "2512"]
[Result "0-1"]
[Round "01"]
[TimeControl "180+1"]
[Date "2022.03.01"]
[WhiteClock "0:00:05"]
[BlackClock "0:00:10"]

1. e4 c5 2. Nf3 d6 3. d4 cxd4 4. Nxd4 Nf6 5. Nc3 a6 6. h3 e6 7. g4 Nfd7 8. Bg2 Nc6 9. O-O Be7 10. Nde2 g5 11. b3 h5 12. Bb2 hxg4 13. hxg4 Nce5 14. Ng3 Ng6 15. Nh5 Nde5 16. Qe2 b5 17. Nd1 Bb7 18. Ne3 Qc7 19. c4 Nf4 20. Nxf4 gxf4 21. Nd1 Bf6 22. cxb5 d5 23. Rc1 Qd6 24. Re1 d4 25. f3 axb5 26. Qxb5+ Bc6 27. Qe2 Rxa2 28. Ra1 d3 29. Qd2 Qc5+ 30. Qf2 Qxf2+ 31. Kxf2 Rxa1 32. Bxa1 d2 33. Re2 Nd3+ 34. Kg1 Bxa1 35. Rxd2 Bd4+ 36. Kf1 Bb5 0-1


[Site "https://www.chess.com"]

[Event "Titled Tuesday Blitz March 01 Early 2022"]
[White "Sarana, Alexey"]
[Black "Aggelis, Nikolaos"]
[WhiteFideId "24133795"]
[BlackFideId "4213220"]
[WhiteElo "2665"]
[BlackElo "2154"]
[Result "1-0"]
[Round "01"]
[TimeControl "180+1"]
[Date "2022.03.01"]
[WhiteClock "0:00:25"]
[BlackClock "0:00:07"]

1. d4 d5 2. c4 dxc4 3. Nf3 c5 4. d5 e6 5. e4 exd5 6. exd5 Nf6 7. Nc3 Bd6 8. Bxc4 O-O 9. O-O a6 10. a4 Bg4 11. Bg5 Nbd7 12. Re1 h6 13. Bh4 Qc7 14. h3 Bh5 15. g4 Bg6 16. Kg2 Rfe8 17. Bd3 Bxd3 18. Qxd3 Rxe1 19. Rxe1 Re8 20. Rxe8+ Nxe8 21. Ne4 Ne5 22. Nxe5 Bxe5 23. b3 Nd6 24. Nxd6 Qxd6 25. f3 b5 26. axb5 axb5 27. Bf2 Bd4 28. Qe4 Bxf2 29. Kxf2 g6 30. f4 g5 31. Qe5 Qxe5 32. fxe5 Kf8 33. Ke3 Ke7 34. Ke4 Kd7 35. Kf5 Ke7 36. d6+ Kd7 37. Kf6 c4 38. bxc4 bxc4 39. Kxf7 c3 40. e6+ Kxd6 41. e7 c2 42. e8=Q c1=Q 43. Qe6+ Kc7 44. Qxh6 Qf4+ 45. Kg6 Qg3 46. Kxg5 Kd7 47. Qg7+ Ke8 48. h4 Qe3+ 49. Kh5 Qf3 50. Kh6 Qf4+ 51. Kh7 Qe4+ 52. Qg6+ Qxg6+ 53. Kxg6 Kf8 54. Kh7 1-0


[Site "https://www.chess.com"]

[Event "Titled Tuesday Blitz March 01 Early 2022"]
[White "Sargsyan, Anna M."]
[Black "Yushko, Olga"]
[WhiteFideId "13308130"]
[BlackFideId "14114500"]
[WhiteElo "2271"]
[BlackElo "2028"]
[Result "1-0"]
[Round "01"]
[TimeControl "180+1"]
[Date "2022.03.01"]
[WhiteClock "0:00:40"]
[BlackClock "0:00:22"]

1. d4 e6 2. c4 f5 3. Nc3 Nf6 4. Bg5 Be7 5. Qc2 d6 6. O-O-O O-O 7. Bxf6 Bxf6 8. e4 e5 9. Nf3 Qe8 10. Nd5 Bd8 11. dxe5 dxe5 12. exf5 Bxf5 13. Bd3 Qh5 14. Bxf5 Rxf5 15. Nb6 Nc6 16. Nxa8 Bf6 17. Nxc7 Rf4 18. Nd5 Rg4 19. Nxf6+ gxf6 20. Kb1 Rxg2 21. Qe4 Rxf2 22. Rhg1+ Kf8 23. Qd5 Qf5+ 24. Ka1 Ne7 25. Qd8+ Kf7 26. Rd7 Qe6 27. Qg8# 1-0


[Site "https://www.chess.com"]

[Event "Titled Tuesday Blitz March 01 Early 2022"]
[White "Schut, Han"]
[Black "Risteski, Emil"]
[WhiteFideId "1005561"]
[BlackFideId "15005267"]
[WhiteElo "2057"]
[BlackElo "2070"]
[Result "0-1"]
[Round "01"]
[TimeControl "180+1"]
[Date "2022.03.01"]
[WhiteClock "0:00:28"]
[BlackClock "0:01:39"]

1. e4 d6 2. d4 Nf6 3. Nc3 e5 4. f4 exd4 5. Qxd4 Be7 6. Nf3 O-O 7. Be3 c5 8. Qd2 Nc6 9. O-O-O Qa5 10. e5 dxe5 11. fxe5 Ng4 12. Bf4 Rd8 13. Nd5 Qxa2 14. Nxe7+ Kf8 15. Qxd8+ Nxd8 16. Rxd8+ Kxe7 17. Rd3 Nf2 18. Bg5+ f6 19. exf6+ gxf6 20. Re3+ Be6 21. Rg1 Qa1+ 22. Kd2 Qa5+ 23. Ke2 Ng4 24. Re4 Kf7 25. Rxg4 Bxg4 26. Be3 Re8 27. Kf2 Qa2 28. b3 Qxc2+ 29. Kg3 Be6 30. Bb5 Rg8+ 31. Kh4 Rg4+ 0-1


[Site "https://www.chess.com"]

[Event "Titled Tuesday Blitz March 01 Early 2022"]
[White "Seemann, Jakub"]
[Black "Muzzi, Eduardo"]
[WhiteFideId "21874697"]
[BlackFideId "3001253"]
[WhiteElo "2003"]
[BlackElo "1932"]
[Result "1-0"]
[Round "01"]
[TimeControl "180+1"]
[Date "2022.03.01"]
[WhiteClock "0:01:10"]
[BlackClock "0:00:02"]

1. b3 e5 2. Bb2 Bd6 3. e4 c6 4. Nf3 Qe7 5. Be2 Nf6 6. Nc3 Bc7 7. O-O O-O 8. d4 exd4 9. Nxd4 d5 10. exd5 cxd5 11. Bf3 Be6 12. Re1 Qd6 13. g3 a6 14. a4 Nc6 15. Ba3 Nb4 16. Ndb5 axb5 17. Nxb5 Qd7 18. Bxb4 Rfc8 19. Nxc7 Qxc7 20. Rc1 Qd7 21. Ba3 Bg4 22. Bb2 Bxf3 23. Qxf3 Ne4 24. Bd4 f6 25. c4 Ng5 26. Qe3 dxc4 27. h4 Qxd4 28. hxg5 Qxe3 29. Rxe3 cxb3 30. Rxc8+ Rxc8 31. Rxb3 fxg5 32. Rxb7 Ra8 33. Rb4 Kf7 34. Kg2 Kg6 35. Kf3 h5 36. Ke4 Re8+ 37. Kd5 Rd8+ 38. Kc6 Rc8+ 39. Kb7 Rf8 40. Rb2 Rf7+ 41. Kb6 Rf6+ 42. Kb5 Rf5+ 43. Kb4 h4 44. gxh4 gxh4 45. a5 Rf4+ 46. Kc3 Rf3+ 47. Kd4 Ra3 48. Rb6+ Kg5 49. a6 h3 50. Rb7 1-0


[Site "https://www.chess.com"]

[Event "Titled Tuesday Blitz March 01 Early 2022"]
[White "Selkirk, Rebecca"]
[Black "Kushko, Dmitriy"]
[WhiteFideId "14306514"]
[BlackFideId "14162261"]
[WhiteElo "1649"]
[BlackElo "2225"]
[Result "0-1"]
[Round "01"]
[TimeControl "180+1"]
[Date "2022.03.01"]
[WhiteClock "0:01:59"]
[BlackClock "0:02:01"]

1. e4 d6 2. d4 Nf6 3. Bd3 g6 4. c4 Bg7 5. Nc3 O-O 6. f4 e5 7. d5 exf4 8. Bxf4 Re8 9. Nf3 Nbd7 10. O-O Nc5 11. Bg5 h6 12. Bxf6 Bxf6 13. Re1 Bg4 14. Qd2 Bxf3 15. gxf3 Bg5 16. Qc2 Qf6 17. Rf1 Qd4+ 18. Kg2 Qxd3 0-1


[Site "https://www.chess.com"]

[Event "Titled Tuesday Blitz March 01 Early 2022"]
[White "Seo, Jung Min"]
[Black "Vifleemskaia, Svetlana"]
[WhiteFideId "1734687"]
[BlackFideId "4129490"]
[WhiteElo "2401"]
[BlackElo "1901"]
[Result "1-0"]
[Round "01"]
[TimeControl "180+1"]
[Date "2022.03.01"]
[WhiteClock "0:01:43"]
[BlackClock "0:01:18"]

1. Nf3 Nf6 2. g3 b5 3. Bg2 Bb7 4. O-O e6 5. d3 Be7 6. e4 d6 7. a4 a6 8. Re1 Nbd7 9. Nc3 b4 10. Ne2 a5 11. Nf4 O-O 12. c3 c5 13. h3 e5 14. Ne2 Nb6 15. c4 Re8 16. Nh2 Bf8 17. f4 Nfd7 18. Be3 Nb8 19. Nf1 Nc6 20. b3 Nd4 21. Bf2 f5 22. Nxd4 cxd4 23. exf5 Bxg2 24. Kxg2 exf4 25. g4 d5 26. Rxe8 Qxe8 27. Bxd4 Qc6 28. Qf3 Bc5 29. cxd5 Nxd5 30. Rc1 Ne3+ 31. Bxe3 Qxf3+ 32. Kxf3 Bxe3 33. Nxe3 fxe3 34. Kxe3 1-0


[Site "https://www.chess.com"]

[Event "Titled Tuesday Blitz March 01 Early 2022"]
[White "Shafigullina, Zarina"]
[Black "Alavkin, Arseny"]
[WhiteFideId "24174220"]
[BlackFideId "4120612"]
[WhiteElo "2062"]
[BlackElo "2391"]
[Result "0-1"]
[Round "01"]
[TimeControl "180+1"]
[Date "2022.03.01"]
[WhiteClock "0:02:01"]
[BlackClock "0:02:35"]

1. d4 Nf6 2. Nf3 g6 3. g3 Bg7 4. Bg2 O-O 5. O-O d6 6. c4 Nc6 7. Nc3 Bf5 8. d5 Na5 9. Nd4 Bd7 10. b3 c5 11. Nc2 a6 12. Qd3 Rb8 13. h3 b5 14. e4 e6 15. Bg5 h6 16. Bd2 exd5 17. cxd5 c4 18. bxc4 Nxc4 19. Rab1 Rc8 20. Bf4 Nh5 21. Nd4 Nxf4 22. g4 Nxd3 0-1


[Site "https://www.chess.com"]

[Event "Titled Tuesday Blitz March 01 Early 2022"]
[White "Shevtchenko, Olesya"]
[Black "Ozer, Omer Faruk"]
[WhiteFideId "24131890"]
[BlackFideId "6354564"]
[WhiteElo "2003"]
[BlackElo "2050"]
[Result "0-1"]
[Round "01"]
[TimeControl "180+1"]
[Date "2022.03.01"]
[WhiteClock "0:00:31"]
[BlackClock "0:01:07"]

1. e4 e5 2. Nf3 Nc6 3. Bc4 Nf6 4. d3 Be7 5. O-O O-O 6. Re1 d6 7. a4 Be6 8. Bxe6 fxe6 9. c3 Qe8 10. b4 Nh5 11. h3 Qg6 12. Be3 Rf7 13. Nbd2 Raf8 14. b5 Nd8 15. c4 h6 16. Ra2 Nf4 17. Bxf4 Rxf4 18. Re3 Nf7 19. Nh2 Ng5 20. Ndf1 d5 21. exd5 Bc5 22. Rxe5 Rxf2 23. Kh1 Rxa2 24. d4 Nxh3 25. Ne3 Nf2+ 0-1


[Site "https://www.chess.com"]

[Event "Titled Tuesday Blitz March 01 Early 2022"]
[White "Shtyka, Sergey"]
[Black "Ter-Sahakyan, Samvel"]
[WhiteFideId "4138465"]
[BlackFideId "13302531"]
[WhiteElo "2014"]
[BlackElo "2592"]
[Result "0-1"]
[Round "01"]
[TimeControl "180+1"]
[Date "2022.03.01"]
[WhiteClock "0:00:11"]
[BlackClock "0:00:41"]

1. e4 c6 2. Nf3 d5 3. Nc3 dxe4 4. Nxe4 Nf6 5. Nxf6+ exf6 6. g3 Bd6 7. Bg2 Qe7+ 8. Qe2 Qxe2+ 9. Kxe2 O-O 10. d4 Bf5 11. c3 Nd7 12. Be3 a5 13. b3 a4 14. Rhd1 Bc2 15. Rdc1 axb3 16. axb3 Bxb3 17. Nd2 Be6 18. c4 Rfc8 19. Rcb1 Rxa1 20. Rxa1 Bb4 21. d5 Bg4+ 22. f3 Bf5 23. g4 Bc2 24. Ra2 Bxd2 25. Kxd2 Bb3 26. Ra7 Ne5 27. Rxb7 Nxc4+ 28. Kd3 Nxe3 29. Kxe3 Bxd5 30. Kf2 g5 31. f4 Bxg2 32. Kxg2 c5 33. Rb3 c4 34. Rc3 Kf8 35. Kf3 Ke7 36. Ke4 Kd6 37. f5 Kc5 38. Rc1 Re8+ 39. Kf3 Re7 40. h3 Kd4 41. Rd1+ Kc3 42. Rc1+ Kb3 43. Rb1+ Kc2 44. Rb6 c3 45. Rxf6 Rc7 0-1


[Site "https://www.chess.com"]

[Event "Titled Tuesday Blitz March 01 Early 2022"]
[White "Shuvalova, Polina"]
[Black "Polster, Christian"]
[WhiteFideId "24171760"]
[BlackFideId "12965081"]
[WhiteElo "2355"]
[BlackElo "2302"]
[Result "1-0"]
[Round "01"]
[TimeControl "180+1"]
[Date "2022.03.01"]
[WhiteClock "0:00:37"]
[BlackClock "0:00:15"]

1. d4 d5 2. Nf3 Nf6 3. Bf4 c5 4. e3 Nc6 5. Nbd2 Qb6 6. dxc5 Qxb2 7. Rb1 Qc3 8. Bb5 e6 9. Be5 Qxc5 10. O-O Be7 11. c4 dxc4 12. Bxf6 gxf6 13. Nxc4 O-O 14. a4 Rd8 15. Qe2 Nb4 16. Ncd2 a6 17. Rfc1 Qh5 18. Bc4 Bd7 19. Ne4 f5 20. Ng3 Qh6 21. Bb3 Bc6 22. Ne5 Bd5 23. Rc7 Bd6 24. Nxf7 Qg7 25. Nxd8 Qxc7 26. Nxe6 Qf7 27. Ng5 Qg6 28. Bxd5+ Nxd5 29. Qc4 Qxg5 30. Qxd5+ Kh8 31. Qxd6 1-0


[Site "https://www.chess.com"]

[Event "Titled Tuesday Blitz March 01 Early 2022"]
[White "Shvedova, Alexandra"]
[Black "Neiksans, Arturs"]
[WhiteFideId "54154782"]
[BlackFideId "11601388"]
[WhiteElo "1920"]
[BlackElo "2447"]
[Result "0-1"]
[Round "01"]
[TimeControl "180+1"]
[Date "2022.03.01"]
[WhiteClock "0:00:20"]
[BlackClock "0:00:30"]

1. e4 c5 2. Ne2 e6 3. d4 cxd4 4. Nxd4 a6 5. c4 Nf6 6. Nc3 Qc7 7. Qd3 Nc6 8. Nxc6 dxc6 9. Be2 Bc5 10. O-O O-O 11. Rb1 a5 12. b3 Rd8 13. Qc2 e5 14. Bb2 Be6 15. h3 Bd4 16. Rbd1 Nd7 17. Na4 Bxb2 18. Qxb2 b6 19. Rc1 Nc5 20. Nxc5 bxc5 21. Rfd1 Rd4 22. f3 Rad8 23. Qc3 Qb6 24. Kf2 R8d7 25. Kg1 h5 26. h4 Qd8 27. Qe1 g6 28. g3 Kg7 29. Kg2 Qb6 30. f4 exf4 31. gxf4 Rxe4 32. Rxd7 Bxd7 33. Qc3+ Rd4 34. Rf1 Bf5 35. Bf3 Qd8 36. Kg3 Kh7 37. Qe3 Qd6 38. Qe5 Qxe5 39. fxe5 Kg7 40. Bxc6 Rg4+ 41. Kh3 Rg1+ 42. Rxf5 gxf5 43. Bf3 Kg6 44. Bd5 Re1 45. Kg3 Rxe5 46. Kf4 f6 47. a3 Re2 48. b4 axb4 49. axb4 cxb4 50. c5 Rc2 51. c6 Rc5 52. Be6 Rxc6 53. Bxf5+ Kg7 54. Be4 Rc3 55. Kf5 b3 0-1


[Site "https://www.chess.com"]